 Dungeon Crawl Stone Soup version 0.14.1 (webtiles) character file.

18113 Heini the Severer (level 12, -11/113 HPs)
             Began as a Hill Orc Fighter on Apr 28, 2014.
             Was a High Priest of Okawaru.
             Killed by divine providence
             ... invoked by an orc priest
              (13 damage)
             ... on Level 4 of the Orcish Mines.
             The game lasted 01:06:49 (18570 turns).

Heini the Severer (Hill Orc Fighter)               Turns: 18570, Time: 01:06:49

HP -11/113       AC 21     Str 24      XL: 12   Next: 36%
MP   0/14        EV  5     Int  8      God: Okawaru [*****.]
Gold 1789        SH 18     Dex 10      Spells:  0 memorised, 11 levels left

rFire  . . .     SeeInvis .     R - +1 war axe (holy)
rCold  . . .     Clarity  .     S - +0 plate armour (curse)
rNeg   + . .     Conserve .     c - -1 shield
rPois  .         rCorr    .     O - +0 helmet
rElec  .         rRot     .     L - +0 cloak
SustAb . .       Spirit   +     k - +1 pair of gloves
rMut   .         Warding  .     t - -1 pair of boots
Saprov + . .     Stasis   .     j - amulet of guardian spirit
MR     +....                    b - ring of protection from magic
                                r - ring of positive energy

@: very slightly contaminated, somewhat resistant to hostile enchantments,
extremely unstealthy
A: saprovore 1
a: Heroism, Finesse, Renounce Religion, Convert to Beogh


You were on level 4 of the Orcish Mines.
You worshipped Okawaru.
Okawaru was extremely pleased with you.
You were not hungry.

You visited 4 branches of the dungeon, and saw 17 of its levels.
You also visited: Sewer.

You collected 1789 gold pieces.

Inventory:

Hand weapons
 R - a +1,+1 war axe of holy wrath (weapon)
Missiles
 g - 26 stones (quivered)
Armour
 c - a -1 shield (worn)
 k - a +1 pair of gloves (worn)
 t - a -1 pair of boots (worn)
 L - a +0 cloak (worn)
 O - a +0 helmet (worn)
 S - a cursed +0 plate armour (worn)
Magical devices
 m - a wand of frost (14)
 o - a wand of flame (15)
 p - a wand of teleportation (5) {unknown}
 x - a wand of heal wounds (3) {unknown}
 y - a wand of flame (5)
 D - a wand of lightning (0)
 H - a wand of disintegration (0)
 I - a wand of hasting (0)
 M - a wand of confusion (15) {unknown}
 N - a wand of draining (4) {unknown}
Comestibles
 d - 8 meat rations
 u - 3 bread rations
 B - a rotting chunk of orc flesh
 C - 4 royal jellies
Scrolls
 e - a scroll of identify
 i - a scroll of enchant armour
 n - a scroll of amnesia
 q - 6 scrolls of remove curse
 s - 3 scrolls of fog
 v - 2 scrolls of blinking
 G - 3 scrolls of enchant weapon I
 K - 2 scrolls of recharging
Jewellery
 b - a ring of protection from magic (right hand)
 j - an amulet of guardian spirit (around neck)
 r - a ring of positive energy (left hand)
Potions
 h - 2 potions of flight
 A - 2 potions of resistance
 F - a potion of magic {unknown}
 P - a potion of invisibility {unknown}
 Q - a potion of haste
Books
 z - a Young Poisoner's Handbook

   Spells                             Type                      Level
   Sting                              Conjuration/Poison           1
   Cure Poison                        Poison                       2
   Mephitic Cloud                     Conjuration/Poison/Air       3
   Olgreb's Toxic Radiance            Poison                       4
   Venom Bolt                         Conjuration/Poison           5
 E - a book of Enchantments

   Spells                             Type                      Level
   Cause Fear                         Hexes                        4
   Silence                            Hexes/Air                    5
   Tukima's Dance                     Hexes                        5
   Deflect Missiles                   Charms/Air                   6
   Haste                              Charms                       6
   Discord                            Hexes                        8
 J - a book of Maledictions

   Spells                             Type                      Level
   Corona                             Hexes                        1
   Sure Blade                         Hexes/Charms                 2
   Ensorcelled Hibernation            Hexes/Ice                    2
   Confuse                            Hexes                        3
   Enslavement                        Hexes                        4
   Invisibility                       Hexes                        6
Miscellaneous
 f - a plain deck of destruction
Rods
 l - a +5 lightning rod (11/11)
   (You found it in a sewer)


   Skills:
 * Level 12.8 Fighting
 * Level 16.5 Axes
 * Level 11.3 Armour
 - Level 3.3 Shields
 + Level 1.0 Evocations


You had 11 spell levels left.
You didn't know any spells.

Dungeon Overview and Level Annotations

Branches:
Dungeon (11/15)            Temple (1/1) D:6             Orc (4/4) D:11
    Elf (0/3) Orc:3          Lair (1/8) D:11

Altars:
Ashenzari
Cheibriados
Dithmenos
Elyvilon
Fedhas
Kikubaaqudgha
Makhleb
Nemelex Xobeh
Okawaru
Sif Muna
Trog
Vehumet
Xom
Yredelemnul
Zin
The Shining One
Beogh

Shops:
Orc:4 *


Innate Abilities, Weirdness & Mutations

You can tolerate rotten meat.


Message History

The red devil disappears in a puff of smoke!
The orc priest becomes somewhat translucent.
The chaos spawn degenerates into a cloud of primal chaos!
The hellwing gestures at you. You resist with almost no effort.
The orc high priest prays to Beogh.
Read which item? (? for menu, Esc to quit)
Blink to where?
Press: ? - help, Dir - move target cursor
As you read the scroll of blinking, it crumbles to dust.
You are very lightly contaminated with residual magic.
The orc priest mumbles some strange prayers to Beogh against you.
Something smites you!
* * * LOW HITPOINT WARNING * * *
The orc priest's eyes start to glow.
Things that are here:
an uncursed dagger; a robe; an uncursed dagger; a chain mail The orc priest mumbles some strange prayers to Beogh against you.
Something smites you!
You die...

##..................
###................
###............#. ######
##............. ##.##.##
##............ ##......######
#............
#....#...#.#.######...........
#...........).)#.##...........
##..........)@))).#...........
##.....4.o###)#..............
#....o.4..#####..............
###ยง....o.)#.####.#...........
##.........)...###.........<...
#..........##.###..............
##..........####.#.............
##...........##..#.._.....)...
##...........##......[)))....


You could see a hellwing, a blue devil and 2 orc priests.

Vanquished Creatures
  Josephine (D:10)
  Harold (Lair:1)
  An orc knight (Orc:4)
  The ghost of flinch the Gouger, an experienced FeTm of Makhleb (D:7)
  A hill giant (D:11)
  A cyclops (D:10)
  3 orc sorcerers
  Maurice (Orc:3)
  A troll (D:9)
  A komodo dragon (D:11)
  Prince Ribbit (D:7)
  A slime creature (D:11)
  2 two-headed ogres
  A yak (D:11)
  A deep elf mage (D:11)
  4 hungry ghosts
  A griffon skeleton (D:11)
  Eustachio (D:9)
  6 ugly things (D:9)
  2 hippogriffs
  2 hill giant skeletons
  A deep elf fighter (D:11)
  2 wargs
  18 orc warriors
  A water moccasin (D:6)
  A yellow wasp (D:10)
  5 sky beasts
  2 ice beasts
  A porcupine (Lair:1)
  A black bear (D:6)
  6 ogres
  4 phantoms
  2 centaurs
  Sigmund (D:5)
  A crocodile (D:11)
  A gnoll sergeant (D:7)
  2 big kobolds
  7 giant frogs
  A hippogriff zombie (D:8)
  5 scorpions
  9 crimson imps
  A hippogriff skeleton (D:10)
  2 electric eels (Orc:3)
  2 goliath beetles (D:10)
  18 orc wizards
  2 quasits
  Crazy Yiuf (D:5)
  7 iguanas
  14 orc priests
  2 hounds
  3 jellies (D:11)
  10 worker ants
  An ogre zombie (D:10)
  A giant frog simulacrum (D:10)
  A mottled dragon skeleton (D:10)
  A hound zombie (D:8)
  21 gnolls
  2 green rats (D:11)
  13 adders
  5 orc zombies
  3 shadow imps
  8 giant mites
  9 worms
  3 giant eyeballs
  8 giant geckos
  5 oozes (D:11)
  145 orcs
  2 ball pythons (Sewer)
  9 giant cockroaches
  17 hobgoblins
  3 quokkas
  33 bats
  A giant cockroach zombie (D:5)
  9 giant newts
  17 goblins
  3 jackals (D:10)
  2 jackal skeletons
  32 kobolds
  2 orc skeletons
  A quokka skeleton (D:7)
  20 rats
  A rat zombie (D:5)
  4 fungi (D:11)
  A plant (D:11)
550 creatures vanquished.

Vanquished Creatures (others)
  3 giant spores (D:11)
  2 ballistomycetes (D:11)
5 creatures vanquished.

Grand Total: 555 creatures vanquished

Notes
Turn   | Place    | Note
--------------------------------------------------------------
     0 | D:1      | Heini, the Hill Orc Fighter, began the quest for the Orb.
     0 | D:1      | Reached XP level 1. HP: 19/19 MP: 1/1
   408 | D:1      | Reached XP level 2. HP: 22/27 MP: 2/2
   676 | D:1      | Reached skill level 4 in Fighting
  1139 | D:2      | Reached XP level 3. HP: 29/33 MP: 3/3
  1799 | D:3      | Reached XP level 4. HP: 38/41 MP: 4/4
  2430 | D:3      | Reached XP level 5. HP: 44/47 MP: 5/5
  2620 | D:4      | Reached skill level 5 in Armour
  2889 | D:4      | Reached skill level 5 in Fighting
  3043 | D:4      | Reached XP level 6. HP: 16/56 MP: 6/6
  3061 | D:4      | Reached skill level 5 in Axes
  3160 | D:4      | Found a glowing drain.
  3189 | Sewer    | Entered a sewer
  4830 | D:4      | Noticed an ogre
  4858 | D:4      | Killed an ogre
  4858 | D:4      | Reached skill level 6 in Fighting
  4858 | D:4      | Reached XP level 7. HP: 25/63 MP: 7/7
  5563 | D:4      | Noticed a phantom
  5772 | D:4      | Killed a phantom
  5772 | D:4      | Reached skill level 7 in Axes
  5868 | D:4      | Found a radiant altar of Vehumet.
  5947 | D:5      | Entered Level 5 of the Dungeon
  6042 | D:5      | Noticed Sigmund
  6048 | D:5      | Killed Sigmund
  6048 | D:5      | Reached skill level 8 in Axes
  6048 | D:5      | Reached XP level 8. HP: 28/71 MP: 8/8
  6350 | D:5      | Found an ancient bone altar of Kikubaaqudgha.
  6574 | D:5      | Reached skill level 9 in Axes
  6790 | D:5      | Noticed Crazy Yiuf
  6799 | D:5      | Killed Crazy Yiuf
  7373 | D:6      | Reached skill level 10 in Axes
  7373 | D:6      | Reached XP level 9. HP: 55/81 MP: 7/9
  7476 | D:6      | Found a burning altar of Makhleb.
  7476 | D:6      | Noticed a blizzard demon
  7480 | D:6      | Noticed a smoke demon
  7929 | D:6      | Reached skill level 11 in Axes
  7947 | D:6      | Found a staircase to the Ecumenical Temple.
  8085 | Temple   | Entered the Ecumenical Temple
  8095 | Temple   | Became a worshipper of Warmaster Okawaru
  8499 | D:7      | Found a radiant altar of Vehumet.
  8554 | D:7      | Noticed Prince Ribbit
  8567 | D:7      | Killed Prince Ribbit
  8574 | D:7      | Acquired Okawaru's first power
  8772 | D:7      | Noticed flinch's ghost (experienced FeTm)
  8787 | D:7      | Killed flinch's ghost
  8787 | D:7      | Reached skill level 10 in Fighting
  8787 | D:7      | Reached XP level 10. HP: 93/93 MP: 6/11
  8919 | D:7      | Reached skill level 12 in Axes
  8992 | D:7      | Paralysed by a giant eyeball for 2 turns
  9832 | D:8      | Found a bloodstained altar of Trog.
 10454 | D:9      | Reached skill level 13 in Axes
 10454 | D:9      | Reached skill level 1 in Evocations
 10653 | D:9      | Noticed Eustachio
 10665 | D:9      | Killed Eustachio
 11579 | D:9      | Reached XP level 11. HP: 95/102 MP: 13/13
 11730 | D:10     | Entered Level 10 of the Dungeon
 11899 | D:10     | Paralysed by a giant eyeball for 2 turns
 12039 | D:10     | Reached skill level 14 in Axes
 12106 | D:10     | Reached skill level 10 in Armour
 12313 | D:10     | Noticed Josephine
 12385 | D:10     | Killed Josephine
 13487 | D:11     | Found a staircase to the Lair.
 13760 | D:11     | Found a staircase to the Orcish Mines.
 13796 | D:11     | Reached skill level 15 in Axes
 13914 | D:11     | Noticed a hill giant
 13922 | D:11     | Killed a hill giant
 13922 | D:11     | Acquired Okawaru's second power
 14258 | Lair:1   | Entered Level 1 of the Lair of Beasts
 14267 | Lair:1   | Noticed Harold
 14312 | Lair:1   | Killed Harold
 14607 | Lair:1   | Received a gift from Okawaru
 14608 | Lair:1   | Got a jewelled leather armour {god gift}
 14624 | Lair:1   | Identified the +2 leather armour of Gallantry {Dex-2 Int+4} (Okawaru gifted it to you on level 1 of the Lair of Beasts)
 14648 | Lair:1   | Noticed a six-headed hydra
 15369 | Orc:1    | Entered Level 1 of the Orcish Mines
 16029 | Orc:3    | Found a staircase to the Elven Halls.
 16049 | Orc:3    | Reached XP level 12. HP: 113/113 MP: 14/14
 16709 | Orc:3    | Noticed Maurice
 17153 | Orc:3    | Killed Maurice
 17469 | Orc:4    | Entered Level 4 of the Orcish Mines
 17469 | Orc:4    | Found a roughly hewn altar of Beogh.
 17498 | Orc:4    | Reached skill level 16 in Axes
 17959 | Orc:4    | Found Xofu's General Store.
 18525 | Orc:4    | Noticed an orc high priest
 18548 | Orc:4    | Paralysed by an orc sorcerer for 6 turns
 18568 | Orc:4    | HP: 1/113 [orc priest/divine providence (6)]
 18570 | Orc:4    | Killed from afar by an orc priest

Action                   |  1- 3 |  4- 6 |  7- 9 | 10-12 || total
-------------------------+-------+-------+-------+-------++-------
Melee: War axe           |   165 |   268 |   469 |  1194 ||  2096
Invok: Heroism           |       |       |       |     2 ||     2
Evoke: Wand              |       |       |     3 |     2 ||     5
  Use: Scroll            |     2 |     5 |     7 |     7 ||    21
       Potion            |       |     6 |     2 |     6 ||    14
 Stab: Sleeping          |       |     1 |       |       ||     1
